 Dungeon Crawl Stone Soup version 0.15-a0-1472-ge546950 (webtiles) character file.

19607 Chiseanne the Hoplite (level 12, -3/81 HPs)
             Began as an Octopode Assassin on June 13, 2014.
             Was an Initiate of Gozag.
             Killed from afar by Erica (28 damage)
             ... with a bolt of poison
             ... on Level 12 of the Dungeon.
             The game lasted 01:32:39 (18882 turns).

Chiseanne the Hoplite (Octopode Assassin)          Turns: 18882, Time: 01:32:39

HP  -3/81        AC  1     Str 10      XL: 12   Next: 70%
MP  12/12        EV 22     Int 20      God: Gozag
Gold 883         SH 17     Dex 21      Spells:  1 memorised,  9 levels left

rFire  . . .     SeeInvis +     s - +2,+4 whip (elec)
rCold  . . .     Clarity  .     n - +1 large shield
rNeg   . . .     rCorr    +     (helmet restricted)
rPois  .         rRot     .     P - amulet of resist corrosion
rElec  .         Spirit   .     u - ring of stealth
SustAb .         Warding  .     h - +6 ring of intelligence
rMut   .         Stasis   .     t - ring of see invisible
Gourm  .                        J - +3 ring of dexterity
MR     .....                    V - +4 ring of evasion
                                (no ring)
                                (no ring)
                                (no ring)

@: lethally poisoned, not resistant to hostile enchantments, very stealthy
A: almost no armour, amphibious, 8 rings, constrict 8, camouflage 1, gelatinous
body 1
a: Potion Petition, Call Merchant, Bribe Branch, Renounce Religion


You were on level 12 of the Dungeon.
You worshipped Gozag.
Gozag was noncommittal.
You were not hungry.

You visited 3 branches of the dungeon, and saw 14 of its levels.
You visited 1 bazaar.
You also visited: Sewer and Ossuary.

You collected 3100 gold pieces.
You spent 1155 gold pieces at shops.
You paid 1062 gold pieces to Gozag.

Inventory:

Hand weapons
 a - a +3,+2 dagger of venom
 d - a +1,+4 flail of protection
 q - the +1,+1 crossbow "Tuemad" {penet, +Fly}
   (You bought it in a shop on level 5 of the Dungeon)

   Ammo fired by it will pass through the targets it hits, potentially hitting
   all targets in its path until it reaches maximum range.
   It lets you fly.
 s - a +2,+4 whip of electrocution (weapon)
 w - a +0 blowgun
 z - a +0,+1 quick blade
Missiles
 e - 127 poisoned needles
 j - 2 throwing nets
 m - 18 bolts
 v - 6 curare-tipped needles
 x - 2 needles of sleeping
 D - 13 bolts of flame
 U - 13 tomahawks (quivered)
 X - 4 tomahawks of returning
Armour
 n - a +1 large shield (worn)
Magical devices
 y - a wand of flame (2)
 H - a wand of polymorph (7)
 I - a wand of digging (3)
 L - a wand of slowing (9)
 S - a wand of confusion (2)
 W - a wand of paralysis (0)
Comestibles
 g - 3 bread rations
 i - 6 meat rations
 p - 4 fruits
Scrolls
 f - 3 scrolls of recharging
 k - a scroll of fog {unknown}
 o - 8 scrolls of remove curse
 B - a scroll of magic mapping
 G - 5 scrolls of identify
 Q - a scroll of vulnerability
Jewellery
 b - an uncursed ring of fire
 c - an uncursed ring of fire
 h - a +6 ring of intelligence (right tentacle)
 t - a ring of see invisible (on tentacle)
 u - a ring of stealth (left tentacle)
 J - a +3 ring of dexterity (on tentacle)
 P - an amulet of resist corrosion (around mantle)
 V - a +4 ring of evasion (on tentacle)
Potions
 l - 11 potions of curing
 K - a potion of restore abilities
 T - a potion of flight
Books
 r - a book of Maledictions

   Spells                             Type                      Level
   Corona                             Hexes                        1
   Sure Blade                         Hexes/Charms                 2
   Ensorcelled Hibernation            Hexes/Ice                    2
   Confuse                            Hexes                        3
   Dazzling Spray                     Conjuration/Hexes            3
   Enslavement                        Hexes                        4


   Skills:
 - Level 7.2 Fighting
 - Level 6.7 Short Blades
 - Level 10.9 Throwing
 - Level 9.8 Dodging
 - Level 6.2 Stealth
 + Level 11.2 Shields


You had 9 spell levels left.
You knew the following spells:

 Your Spells              Type           Power        Failure   Level  Hunger
a - Swiftness             Chrm/Air       #.......     98%         2    ###....


Dungeon Overview and Level Annotations

Branches:
Dungeon (12/15)            Temple (1/1) D:4             Orc (0/4) D:11
   Lair (1/8) D:9

Altars:
Ashenzari
Cheibriados
Dithmenos
Elyvilon
Fedhas
Gozag
Kikubaaqudgha
Makhleb
Nemelex Xobeh
Okawaru
Qazlal
Sif Muna
Trog
Vehumet
Xom
Yredelemnul
Zin
The Shining One

Shops:
D:5 (   D:6 [*:*   D:13 (

Portals:
Trove: D:10 (give 2 scrolls of acquirement)

Annotations:
D:12 Erica, Sonja


Innate Abilities, Weirdness & Mutations

You cannot wear most types of armour.
You are amphibious.
You can wear up to eight rings at the same time.
You can use your tentacles to constrict many enemies at once.
Your skin changes colour to match your surroundings (Stealth).
Your rubbery body absorbs attacks (AC +1).


Message History

Zapping:
I - a wand of digging {zapped: 4}
Press: ? - help, Shift-Dir - straight line The rock shatters into small pieces.
A sky beast comes into view.
Evoke which item? (* to show all) (? for menu, Esc to quit)
Zapping:
W - a wand of paralysis {zapped: 12}
Press: ? - help, Shift-Dir - straight line, f - Erica
Aim: Erica, wielding a scimitar of flaming and wearing a runed robe Erica resists with almost no effort.
The sky beast flickers out of sight for a moment.
Evoke which item? (* to show all) (? for menu, Esc to quit)
Zapping:
S - a wand of confusion {zapped: 12}
Press: ? - help, Shift-Dir - straight line, f/p - Erica
Aim: Erica, wielding a scimitar of flaming and wearing a runed robe Erica resists with almost no effort.
Erica points at you and mumbles some strange words.
The bolt of poison hits you!
You are poisoned.
You die...
Your body crumbles into a pile of gold.

#./.aJ....####
##.###.......## #.#
###.###..## #.#
#...##..## #.#
###.###..### #.#
*..###.... #.# *#.#
##### #.# ####.#* #
#@# #.#...######
#.# #**#..##...JJ$
#.###..#.$$#...###
#@##....$∩...#...#
*#.##..J#.$..####..
*.Y.....##.##......
*...,..............
*...,.J...J########
*...,o.....#


You could see Erica and a sky beast (invisible).

Vanquished Creatures
  2 rakshasas (D:9)
  A hydra (D:11)
  The ghost of haldagan the Fighter, an experienced OgHu of Okawaru (D:7)
  A centaur warrior (D:11)
  Nergalle (Lair:1)
  A hill giant (D:10)
  An unseen horror (D:11)
  A harpy (D:9)
  A manticore (D:10)
  A gargoyle (D:10)
  A spiny frog (Lair:1)
  A feature mimic (D:11)
  A centaur zombie (D:10)
  4 trolls
  A slime creature (D:12)
  A trapdoor spider zombie (D:9)
  A spriggan (D:7)
  A deep elf mage (D:11)
  A basilisk (Lair:1)
  12 yaks
  A hippogriff (D:7)
  A hungry ghost (D:12)
  Edmund (D:9)
  A water moccasin (Lair:1)
  A porcupine (Lair:1)
  10 orc warriors
  A yellow wasp (D:11)
  5 ice beasts
  8 sky beasts
  3 black bears
  8 ogres
  A necrophage (D:11)
  13 centaurs
  4 phantoms
  3 big kobolds
  Sigmund (D:7)
  17 giant frogs
  A crocodile (D:8)
  A wyvern zombie (D:10)
  9 killer bees
  A hippogriff zombie (D:9)
  5 scorpions
  A troll zombie (D:8)
  3 crimson imps
  2 quasits
  9 wights
  3 goliath beetles
  12 orc priests
  5 jellies
  6 hounds
  An iguana (D:6)
  9 orc wizards
  2 giant frog zombies
  12 worker ants
  A gnoll shaman (D:6)
  A two-headed ogre skeleton (D:6)
  A sheep (Lair:1)
  A big kobold zombie (Ossuary)
  A big kobold skeleton (D:6)
  10 mummies
  A mottled dragon skeleton (D:10)
  A hound skeleton (D:10)
  16 gnolls
  20 adders
  4 green rats (Lair:1)
  4 shadow imps
  6 giant mites
  6 worms
  An orc skeleton (D:9)
  An adder skeleton (D:7)
  6 giant geckos
  73 orcs
  2 bat skeletons
  13 giant cockroaches
  16 hobgoblins
  11 jackals
  30 kobolds
  2 oozes
  A quokka (D:6)
  7 ball pythons
  A ball python zombie (D:5)
  16 bats
  A giant gecko zombie (D:7)
  8 giant newts
  A giant spore (D:7)
  3 gnoll zombies (Ossuary)
  20 goblins
  A goblin skeleton (D:5)
  A hobgoblin skeleton (D:6)
  A hobgoblin zombie (Ossuary)
  A kobold skeleton (D:4)
  2 kobold zombies (Ossuary)
  2 orc zombies
  16 rats
  A spectral orc (D:9)
  A plant (Lair:1)
508 creatures vanquished.

Vanquished Creatures (collateral kills)
  A wight (D:11)
  An orc wizard (D:9)
  8 orcs
10 creatures vanquished.

Vanquished Creatures (others)
  A two-headed ogre (D:9)
  A yak (D:9)
  A hippogriff (D:9)
  An orc warrior (D:9)
  An ogre (D:7)
  A fungus (Lair:1)
6 creatures vanquished.

Grand Total: 524 creatures vanquished

Notes
Turn   | Place    | Note
--------------------------------------------------------------
     0 | D:1      | Chiseanne, the Octopode Assassin, began the quest for the Orb.
     0 | D:1      | Reached XP level 1. HP: 14/14 MP: 1/1
   374 | D:1      | Reached XP level 2. HP: 12/19 MP: 2/2
   808 | D:1      | Reached skill level 6 in Stealth
   965 | D:1      | Reached XP level 3. HP: 24/24 MP: 3/3
  1569 | D:2      | Reached XP level 4. HP: 27/29 MP: 4/4
  1664 | D:2      | Found a shimmering altar of Xom.
  2310 | D:3      | Reached XP level 5. HP: 35/35 MP: 5/5
  2688 | D:3      | Noticed an ogre
  2696 | D:3      | Killed an ogre
  2696 | D:3      | Reached XP level 6. HP: 42/42 MP: 6/6
  2787 | D:3      | Found a glowing silver altar of Zin.
  3597 | D:4      | Found a glowing golden altar of the Shining One.
  3638 | D:4      | Found an opulent altar of Gozag.
  3645 | D:4      | Became a worshipper of Gozag Ym Sagoz the Greedy
  3797 | D:4      | Reached XP level 7. HP: 47/47 MP: 7/7
  3840 | D:4      | Found a glowing drain.
  3844 | Sewer    | Entered a sewer
  4112 | Sewer    | Learned a level 2 spell: Swiftness
  4248 | D:4      | Found a staircase to the Ecumenical Temple.
  4267 | Temple   | Entered the Ecumenical Temple
  4758 | D:5      | Entered Level 5 of the Dungeon
  4907 | D:5      | Found an ancient bone altar of Kikubaaqudgha.
  4962 | D:5      | Reached XP level 8. HP: 54/54 MP: 8/8
  5012 | D:5      | Found Zuonoko's Weapon Shop.
  5023 | D:5      | Reached skill level 5 in Dodging
  5030 | D:5      | Bought the cursed +1,+1 crossbow "Tuemad" {penet, +Fly} for 210 gold pieces
  5119 | D:5      | Reached skill level 5 in Throwing
  6137 | D:5      | Found a stormy altar of Qazlal.
  6216 | D:6      | Found Veyrgh Nonu's Book Shoppe.
  6369 | D:6      | Found Yrriepum's Assorted Antiques.
  6393 | D:6      | Bought a potion of curing for 46 gold pieces
  6393 | D:6      | Bought a scroll of remove curse for 69 gold pieces
  6431 | D:6      | Reached skill level 5 in Fighting
  6539 | D:6      | Reached XP level 9. HP: 54/61 MP: 9/9
  6715 | D:6      | Reached skill level 5 in Short Blades
  6762 | D:6      | Found Thrurch's General Store.
  6767 | D:6      | Bought a potion of heal wounds for 33 gold pieces
  6767 | D:6      | Bought a scroll of holy word for 82 gold pieces
  6767 | D:6      | Bought a meat ration for 55 gold pieces
  6767 | D:6      | Bought a potion of haste for 77 gold pieces
  6767 | D:6      | Bought 3 tomahawks for 16 gold pieces
  6894 | D:6      | Reached skill level 7 in Dodging
  7095 | D:6      | Found Kumofoo's Armour Boutique.
  7323 | D:7      | Noticed Sigmund
  7401 | D:7      | Found a sand-covered staircase.
  7414 | Ossuary  | Entered an ossuary
  8215 | D:7      | Killed Sigmund
  8424 | D:7      | Reached skill level 8 in Throwing
  8548 | D:7      | Noticed haldagan's ghost (experienced OgHu)
  8627 | D:7      | Killed haldagan's ghost
  8627 | D:7      | Reached skill level 9 in Throwing
  8627 | D:7      | Reached XP level 10. HP: 37/68 MP: 10/10
  9197 | D:6      | Bought a scroll of identify for 22 gold pieces
  9233 | D:6      | Bought 2 potions of mutation for 115 gold pieces
  9233 | D:6      | Bought a scroll of enchant armour for 172 gold pieces
  9233 | D:6      | Bought a scroll of remove curse for 69 gold pieces
  9970 | D:8      | Found a radiant altar of Vehumet.
 10735 | D:9      | Noticed a rakshasa
 10752 | D:9      | Reached skill level 10 in Throwing
 11311 | D:9      | Killed a rakshasa
 11318 | D:9      | Killed a rakshasa
 11621 | D:9      | Reached XP level 11. HP: 68/74 MP: 11/11
 11992 | D:9      | Found a staircase to the Lair.
 11998 | D:9      | Noticed a harpy
 11998 | D:9      | a fire drake changed into a harpy
 12013 | D:9      | Killed a harpy
 12400 | D:9      | Noticed Edmund
 12557 | D:9      | Killed Edmund
 13035 | D:9      | Found a basalt altar of Yredelemnul.
 13652 | Lair:1   | Entered Level 1 of the Lair of Beasts
 13930 | Lair:1   | Noticed a six-headed hydra
 13943 | Lair:1   | Reached skill level 1 in Shields
 13977 | Lair:1   | Noticed Nergalle
 13989 | Lair:1   | Killed Nergalle
 14316 | D:10     | Entered Level 10 of the Dungeon
 14681 | D:10     | Found a portal to a secret trove of treasure.
 14691 | D:10     | Reached skill level 5 in Shields
 16061 | D:11     | Reached XP level 12. HP: 81/81 MP: 12/12
 16782 | D:11     | Found a staircase to the Orcish Mines.
 17281 | D:11     | Noticed a hill giant
 17339 | D:10     | Killed a hill giant
 17658 | D:11     | Noticed an unseen horror
 17675 | D:11     | Killed an unseen horror
 17842 | D:11     | Noticed a seven-headed hydra
 17854 | D:11     | Killed a seven-headed hydra
 17854 | D:11     | Reached skill level 10 in Shields
 18485 | D:12     | Noticed Erica
 18752 | D:12     | Found a flickering gateway to a bazaar.
 18757 | Bazaar   | Entered a bazaar
 18757 | Bazaar   | Found Frashohuts' Antique Weapon Boutique.
 18757 | Bazaar   | Found Giase's Weapon Shop.
 18757 | Bazaar   | Found Sulufuef's Armour Shop.
 18769 | Bazaar   | Bought 2 needles of sleeping for 9 gold pieces
 18769 | Bazaar   | Bought a +0,+1 quick blade for 180 gold pieces
 18792 | D:12     | Reached skill level 11 in Shields
 18859 | D:12     | Noticed Sonja
 18882 | D:12     | Killed from afar by Erica

Action                   |  1- 3 |  4- 6 |  7- 9 | 10-12 || total
-------------------------+-------+-------+-------+-------++-------
Melee: Dagger            |    68 |    91 |   230 |   494 ||   883
       Whip              |       |       |    40 |   185 ||   225
       Short sword       |       |       |       |    86 ||    86
       Unarmed           |       |       |       |     5 ||     5
       Mace              |       |       |       |     5 ||     5
 Fire: Blowgun           |       |     8 |    28 |    51 ||    87
Throw: Javelin           |       |    19 |    74 |    32 ||   125
       Tomahawk          |       |       |    14 |   142 ||   156
       Throwing net      |       |       |       |     7 ||     7
Invok: Call Merchant     |       |       |       |     1 ||     1
Evoke: Wand              |       |       |     4 |    63 ||    67
  Use: Potion            |       |     2 |     5 |    13 ||    20
       Scroll            |       |    15 |    14 |    16 ||    45
 Stab: Sleeping          |    13 |    16 |    33 |    25 ||    87
       Distracted        |       |       |     3 |     5 ||     8
       Invisible         |       |       |     1 |     2 ||     3
       Confused          |       |       |       |     3 ||     3
       Paralysed         |       |       |       |     5 ||     5
       Held in net/web   |       |       |       |     1 ||     1
